[Event "Titled Tuesday Blitz April 11 Early 2023"]
[White "Hirneise, Jens"]
[Black "Nugumanov, Bakhtiyar"]
[WhiteFideId "24614734"]
[BlackFideId "13701797"]
[WhiteElo "2345"]
[BlackElo "2209"]
[Result "1-0"]
[Round "04"]
[TimeControl "180+2"]
[Date "2023.04.11"]
[WhiteClock "0:02:00"]
[BlackClock "0:00:15"]

1. Nf3 b6 2. c4 Bb7 3. g3 Bxf3 4. exf3 c5 5. Nc3 Nc6 6. Bg2 g6 7. O-O Bg7 8. d3 Nf6 9. f4 O-O 10. Be3 e6 11. d4 cxd4 12. Bxd4 Rc8 13. Rc1 Nxd4 14. Qxd4 d5 15. cxd5 Nxd5 16. Qa4 Nxc3 17. bxc3 Qe7 18. c4 Rc5 19. Rfd1 Rc7 20. Bf1 Rfc8 21. Rd2 Rd8 22. Rxd8+ Qxd8 23. Rd1 Qc8 24. h4 h5 25. Be2 Qb7 26. Qe8+ Bf8 27. Rd8 1-0


[Site "https://www.chess.com"]

[Event "Titled Tuesday Blitz April 11 Early 2023"]
[White "Larina, Maria"]
[Black "Krishnan, Varun"]
[WhiteFideId "24113182"]
[BlackFideId "5054508"]
[WhiteElo "1848"]
[BlackElo "2508"]
[Result "0-1"]
[Round "04"]
[TimeControl "180+2"]
[Date "2023.04.11"]
[WhiteClock "0:00:01"]
[BlackClock "0:00:07"]

1. e4 e5 2. Nf3 Nc6 3. Nc3 Nf6 4. Bb5 a6 5. Bxc6 dxc6 6. Nxe5 Bb4 7. d3 O-O 8. O-O Re8 9. Nc4 Ng4 10. h3 Ne5 11. Nxe5 Rxe5 12. Bf4 Re8 13. Qf3 Be6 14. a3 Be7 15. Rfe1 Bg5 16. Rad1 Bxf4 17. Qxf4 c5 18. Re3 b5 19. Rg3 b4 20. Qh6 g6 21. Ne2 a5 22. Nf4 Qf6 23. Nh5 Qxb2 24. axb4 Qe5 25. bxc5 Kh8 26. Nf4 Qg7 27. Qh4 a4 28. Nh5 Qh6 29. Qf6+ Kg8 30. Rg5 a3 31. d4 a2 32. Ra1 Rf8 33. d5 Bd7 34. c6 Bc8 35. e5 Re8 36. d6 Be6 37. d7 Reb8 38. Kh2 Qf8 39. Nf4 Rb1 40. Rxa2 Bxa2 41. e6 Bxe6 42. Nxe6 fxe6 43. Qxe6+ Kg7 44. Qe5+ Qf6 45. Qxf6+ Kxf6 46. Rd5 Rbb8 47. d8=Q+ Rxd8 0-1


[Site "https://www.chess.com"]

[Event "Titled Tuesday Blitz April 11 Early 2023"]
[White "FuenfgegenWilly"]
[Black "Womacka, Mathias"]
[BlackFideId "4611390"]
[WhiteElo "2207"]
[BlackElo "2377"]
[Result "1-0"]
[Round "04"]
[TimeControl "180+2"]
[Date "2023.04.11"]
[WhiteClock "0:00:11"]
[BlackClock "0:00:01"]

1. Nf3 c5 2. e3 Nf6 3. c4 e6 4. b3 d5 5. cxd5 exd5 6. d4 Nc6 7. Bb2 cxd4 8. Nxd4 Bb4+ 9. Nd2 Ne4 10. Nf3 Bg4 11. Bc1 Qf6 12. h3 Bxf3 13. gxf3 Nxf2 14. Kxf2 Qxa1 15. Qc2 Qf6 16. Rg1 O-O 17. Bb2 Qh4+ 18. Rg3 f6 19. Kg2 Rae8 20. Qd3 Kh8 21. f4 d4 22. Bxd4 Nxd4 23. Qxd4 Bxd2 24. Qxd2 Rd8 25. Qa5 a6 26. Rg4 Qh6 27. Bc4 f5 28. Rg5 Qf6 29. Kg3 Rde8 30. Qc5 Qe7 31. Rxf5 Rxf5 32. Qxf5 Qxe3+ 33. Kh4 Qe1+ 34. Kg5 Qg3+ 35. Qg4 Qxg4+ 36. hxg4 b5 37. Bd5 Re2 38. a4 bxa4 39. bxa4 a5 40. f5 Rd2 41. Bc6 Rd4 42. Kh5 Kg8 43. g5 Kf8 44. Bb5 Rf4 45. g6 1-0


[Site "https://www.chess.com"]

[Event "Titled Tuesday Blitz April 11 Early 2023"]
[White "Rodchenkov, Sergey D."]
[Black "Ciuffoletti, Paolo"]
[WhiteFideId "4168712"]
[BlackFideId "807630"]
[WhiteElo "2277"]
[BlackElo "2143"]
[Result "0-1"]
[Round "04"]
[TimeControl "180+2"]
[Date "2023.04.11"]
[WhiteClock "0:00:11"]
[BlackClock "0:00:12"]

1. e4 c5 2. Nf3 Nc6 3. d4 cxd4 4. Nxd4 Nf6 5. Nc3 e5 6. Ndb5 d6 7. Nd5 Nxd5 8. exd5 Nb8 9. a4 Be7 10. Be2 O-O 11. O-O f5 12. f4 Bf6 13. c3 a6 14. Na3 b5 15. axb5 axb5 16. Rb1 b4 17. Nc4 bxc3 18. bxc3 e4 19. Be3 Ba6 20. Nb6 Bxe2 21. Qxe2 Ra3 22. c4 Nd7 23. Nxd7 Qxd7 24. Rfc1 Rfa8 25. Rc2 Ra1 26. Rcc1 Rxb1 27. Rxb1 h6 28. Qd1 Ra3 29. Qd2 Qa4 30. Rb8+ Kh7 31. Rb4 Ra1+ 32. Kf2 Qa3 33. Kg3 Ra2 34. Qe1 Bc3 35. Qb1 Bxb4 36. Kh3 Rb2 37. g3 Rxb1 0-1


[Site "https://www.chess.com"]

[Event "Titled Tuesday Blitz April 11 Early 2023"]
[White "Inepton_Fermion"]
[Black "rionelG"]
[WhiteElo "2389"]
[BlackElo "2171"]
[Result "1-0"]
[Round "04"]
[TimeControl "180+2"]
[Date "2023.04.11"]
[WhiteClock "0:00:36"]
[BlackClock "0:00:06"]

1. e4 c5 2. Nf3 d6 3. d4 cxd4 4. Nxd4 Nf6 5. Nc3 a6 6. Be3 e5 7. Nb3 Be7 8. f3 Be6 9. Qd2 O-O 10. g4 d5 11. g5 Nxe4 12. fxe4 d4 13. Nxd4 exd4 14. Qxd4 Qxd4 15. Bxd4 Bxg5 16. h4 Nc6 17. Bxg7 Bd2+ 18. Kxd2 Rad8+ 19. Bd3 Kxg7 20. Rhg1+ Kh8 21. Raf1 Ne5 22. b3 Rd7 23. Rg5 Nxd3 24. cxd3 Rfd8 25. Rf3 b5 26. Ne2 h6 27. Rg1 h5 28. Rgg3 Bg4 29. Rf6 Re7 30. Ke3 Red7 31. Nf4 1-0


[Site "https://www.chess.com"]

[Event "Titled Tuesday Blitz April 11 Early 2023"]
[White "Alice, Mateus Felizardo Viageiro"]
[Black "Dahlgren, James Allen"]
[WhiteFideId "14800047"]
[BlackFideId "22256873"]
[WhiteElo "2189"]
[BlackElo "2170"]
[Result "1-0"]
[Round "04"]
[TimeControl "180+2"]
[Date "2023.04.11"]
[WhiteClock "0:00:18"]
[BlackClock "0:00:01"]

1. e4 e6 2. Qe2 c5 3. f4 Nc6 4. Nf3 Be7 5. c3 d5 6. d3 Nf6 7. e5 Nd7 8. d4 b5 9. Be3 b4 10. Qf2 cxd4 11. cxd4 a5 12. Bb5 Qb6 13. Bd3 Ba6 14. Qe2 Bxd3 15. Qxd3 f5 16. O-O O-O 17. Nbd2 Rac8 18. Rac1 Rc7 19. Kh1 a4 20. h3 Rfc8 21. Rcd1 Na5 22. Rg1 Rc2 23. g4 fxg4 24. Rxg4 Rxb2 25. Rdg1 Bf8 26. f5 Rc3 27. Qe2 Nc4 28. Bh6 Rxf3 29. Rxg7+ Bxg7 30. Rxg7+ Kh8 31. Rg8+ Kxg8 32. Qg2+ Kf7 33. Qg7+ Ke8 34. Qg8+ Nf8 35. Qxf8+ Kd7 36. Qf7+ Kc8 37. Nxf3 Rxa2 38. fxe6 Ra1+ 39. Kh2 Nxe5 40. Nxe5 1-0


[Site "https://www.chess.com"]

[Event "Titled Tuesday Blitz April 11 Early 2023"]
[White "Baruch, Liam"]
[Black "Smith, Garrett L"]
[WhiteFideId "14322064"]
[BlackFideId "2024829"]
[WhiteElo "2163"]
[BlackElo "2313"]
[Result "0-1"]
[Round "04"]
[TimeControl "180+2"]
[Date "2023.04.11"]
[WhiteClock "0:00:04"]
[BlackClock "0:00:17"]

1. e4 c5 2. Nf3 Nc6 3. d4 cxd4 4. Nxd4 e5 5. Nb5 d6 6. N1c3 a6 7. Na3 Be7 8. Nc4 b5 9. Ne3 Nf6 10. Bd3 O-O 11. O-O Be6 12. a3 Rb8 13. Qf3 Nd4 14. Qg3 Kh8 15. f3 Rg8 16. Ne2 Nxe2+ 17. Bxe2 Qc7 18. Rd1 Rgd8 19. c3 d5 20. exd5 Nxd5 21. Nxd5 Rxd5 22. Be3 Rbd8 23. Qe1 f5 24. Bf2 e4 25. fxe4 fxe4 26. Rxd5 Rxd5 27. Rd1 Qe5 28. Bd4 Qg5 29. Bf1 Qf5 30. Qe3 h6 31. Qg3 Bg5 32. Qf2 Qxf2+ 33. Kxf2 e3+ 34. Ke1 Kh7 35. g3 Bg4 36. Bd3+ Kg8 37. Be4 Rd7 38. Rb1 Re7 39. Bd5+ Kh8 40. a4 e2 41. axb5 axb5 42. Ra1 Kh7 43. Ra8 Kg6 44. Bg2 h5 45. h4 Bf6 46. Ra6 Kf5 47. Bxf6 gxf6 48. Ra5 Rd7 49. Rxb5+ Ke6 50. Rb6+ Kf7 51. Kf2 Rd1 52. Rb7+ Ke6 53. Rb6+ Kf5 54. Rb5+ Kg6 55. Be4+ f5 56. Rb6+ Kf7 57. Rb7+ Kf8 58. Rb8+ Ke7 59. Rb7+ Kd8 60. Rb8+ Kc7 61. Rb7+ Kc8 62. Re7 e1=Q+ 63. Kg2 Qh1+ 64. Kf2 Qe1+ 65. Kg2 Rd2# 0-1


[Site "https://www.chess.com"]

[Event "Titled Tuesday Blitz April 11 Early 2023"]
[White "dDobravcan"]
[Black "Ovezdurdyyeva, Jemal"]
[BlackFideId "14001888"]
[WhiteElo "2147"]
[BlackElo "2043"]
[Result "0-1"]
[Round "04"]
[TimeControl "180+2"]
[Date "2023.04.11"]
[WhiteClock "0:00:02"]
[BlackClock "0:00:13"]

1. e4 d6 2. d4 Nf6 3. Nc3 g6 4. g3 c6 5. a4 Bg7 6. Bg2 O-O 7. h3 a6 8. Nge2 Nbd7 9. O-O e5 10. Be3 Qe7 11. Kh2 Rb8 12. a5 b5 13. axb6 Nxb6 14. b3 exd4 15. Bxd4 c5 16. Be3 Bb7 17. f3 d5 18. e5 Qxe5 19. Bxc5 Nbd7 20. Bxf8 Bxf8 21. Nd4 Bc5 22. Nce2 Re8 23. c3 Qc7 24. Nf4 Bd6 25. Qd2 Rc8 26. Rac1 Ne5 27. Nfe2 Nh5 28. Kh1 Nd7 29. f4 Nc5 30. g4 Nf6 31. f5 Nce4 32. Qg5 Nxg5 33. Rcd1 Nfe4 34. fxg6 hxg6 35. h4 Qe7 36. hxg5 Qxg5 37. Nf3 Qh6+ 38. Kg1 Qe3+ 39. Kh1 Kg7 40. Neg1 Ng3+ 0-1


[Site "https://www.chess.com"]

[Event "Titled Tuesday Blitz April 11 Early 2023"]
[White "Vargas Rodriguez, Wilver"]
[Black "Rian, Kapriaga"]
[WhiteFideId "3509672"]
[BlackFideId "7103263"]
[WhiteElo "2224"]
[BlackElo "2310"]
[Result "0-1"]
[Round "04"]
[TimeControl "180+2"]
[Date "2023.04.11"]
[WhiteClock "0:00:01"]
[BlackClock "0:00:13"]

1. e4 c6 2. Nc3 d5 3. d3 dxe4 4. dxe4 Qxd1+ 5. Nxd1 g6 6. Nf3 Bg7 7. Bc4 Nf6 8. Nc3 O-O 9. O-O b5 10. Bd3 a6 11. Be3 Nbd7 12. h3 Bb7 13. a3 Rfd8 14. Rfe1 c5 15. e5 Nd5 16. Nxd5 Bxd5 17. Bg5 Re8 18. Bf4 f6 19. e6 Nf8 20. Be4 Bxe4 21. Rxe4 Red8 22. Re2 Rac8 23. c3 Rc6 24. Rae1 h5 25. g4 hxg4 26. hxg4 Rd5 27. Kg2 a5 28. Bg3 a4 29. Nh4 Bh6 30. f4 f5 31. gxf5 gxf5 32. Re5 Rd2+ 33. Kh3 Rd3 34. Rxf5 Nxe6 35. Kg4 Ng7 36. Rfe5 Ne8 37. Rxe7 Nf6+ 38. Kh3 Nh5 39. Re8+ Bf8 0-1


[Site "https://www.chess.com"]

[Event "Titled Tuesday Blitz April 11 Early 2023"]
[White "Munro, Allan"]
[Black "Eggleston, Thomas A"]
[WhiteFideId "7700245"]
[BlackFideId "412139"]
[WhiteElo "2084"]
[BlackElo "2155"]
[Result "0-1"]
[Round "04"]
[TimeControl "180+2"]
[Date "2023.04.11"]
[WhiteClock "0:00:02"]
[BlackClock "0:00:54"]

1. d4 e6 2. e4 d5 3. Bd3 c5 4. exd5 exd5 5. Nf3 Nf6 6. O-O cxd4 7. Nxd4 Be7 8. Nd2 O-O 9. c3 Nc6 10. N2b3 Bg4 11. f3 Bh5 12. Be3 Re8 13. Nf5 Bf8 14. Bf2 Ne5 15. Bc2 Bg6 16. Nbd4 Nc4 17. b3 Ne5 18. Rc1 Rc8 19. Bb1 a6 20. Re1 Bxf5 21. Bxf5 Rc7 22. Bh4 g6 23. Bd3 Bg7 24. Bf1 Rc8 25. Qd2 Qb6 26. Qf4 Nh5 27. Qd2 Nc6 28. Bf2 Qc7 29. Kh1 Be5 30. Bg1 Bf4 31. Qd1 Bxc1 32. Qxc1 Rxe1 33. Qxe1 Qe5 34. Qh4 Qf6 35. Qh3 Re8 36. Bf2 Nf4 37. Qg3 Nh5 38. Qh3 Ne5 39. Kg1 Qf4 0-1


[Site "https://www.chess.com"]

[Event "Titled Tuesday Blitz April 11 Early 2023"]
[White "Tarnowska, Aleksandra"]
[Black "Dishman, Stephen"]
[WhiteFideId "1180967"]
[BlackFideId "403024"]
[WhiteElo "1776"]
[BlackElo "2204"]
[Result "0-1"]
[Round "04"]
[TimeControl "180+2"]
[Date "2023.04.11"]
[WhiteClock "0:00:01"]
[BlackClock "0:00:22"]

1. e4 c5 2. Nf3 g6 3. c4 Nc6 4. d4 cxd4 5. Nxd4 Nf6 6. e5 Qa5+ 7. Nc3 Qxe5+ 8. Be3 Bg7 9. Be2 O-O 10. O-O d6 11. Qd2 Ng4 12. Nxc6 bxc6 13. Bxg4 Bxg4 14. h3 Be6 15. c5 d5 16. Rad1 Rad8 17. Bf4 Qh5 18. Ne2 d4 19. Ng3 Qxc5 20. Rc1 Qd5 21. b3 c5 22. Rfe1 Rfe8 23. Ne2 Bf5 24. Bc7 Rd7 25. Bg3 e5 26. f4 e4 27. Qa5 Rc8 28. Rc4 e3 29. Rd1 d3 30. Nc3 Bxc3 31. Qxc3 e2 32. Rd2 Re7 33. Be1 Bxh3 34. gxh3 Qf3 35. Rxc5 Qf1+ 36. Kh2 Rce8 37. Bg3 e1=Q 38. Bxe1 Rxe1 39. Rg2 Qh1+ 40. Kg3 R1e3+ 41. Kf2 Re2+ 42. Kg3 R8e3+ 43. Kh4 Qxh3+ 44. Kg5 Qf5+ 45. Rxf5 h6+ 46. Kxh6 Rh3+ 47. Kg5 Rh5+ 48. Kf6 Rxf5# 0-1


[Site "https://www.chess.com"]

[Event "Titled Tuesday Blitz April 11 Early 2023"]
[White "Jaivardhan Raj"]
[Black "Prudnykova, Olga"]
[WhiteFideId "25744437"]
[BlackFideId "14121093"]
[WhiteElo "1772"]
[BlackElo "2113"]
[Result "0-1"]
[Round "04"]
[TimeControl "180+2"]
[Date "2023.04.11"]
[WhiteClock "0:01:52"]
[BlackClock "0:02:12"]

1. e4 c5 2. Nf3 Nf6 3. e5 Nd5 4. c4 Nc7 5. d4 cxd4 6. Nxd4 g6 7. Nc3 Bg7 8. f4 O-O 9. Be3 d6 10. exd6 Qxd6 11. Nde2 Qe6 12. Qd3 Nc6 13. O-O-O Nb4 14. Qd2 Qxc4 15. Kb1 Bf5+ 0-1


[Site "https://www.chess.com"]

[Event "Titled Tuesday Blitz April 11 Early 2023"]
[White "Alahakoon, Isuru"]
[Black "Winkels, Marcel"]
[WhiteFideId "9900993"]
[BlackFideId "1003887"]
[WhiteElo "1995"]
[BlackElo "1900"]
[Result "1-0"]
[Round "04"]
[TimeControl "180+2"]
[Date "2023.04.11"]
[WhiteClock "0:01:17"]
[BlackClock "0:00:43"]

1. Nf3 c5 2. c3 g6 3. d4 cxd4 4. Qxd4 Nf6 5. e4 d6 6. e5 dxe5 7. Qxd8+ Kxd8 8. Nxe5 Ke8 9. Bc4 e6 10. O-O Bd6 11. Re1 Nbd7 12. Nxf7 Kxf7 13. Rxe6 Ne5 14. Rxe5+ Kg7 15. Re1 Bf5 16. Nd2 Rhe8 17. Rxe8 Rxe8 18. Nf3 Bg4 19. Be3 Bxf3 20. gxf3 b6 21. Rd1 Be5 22. Kg2 a5 23. Bxb6 Rb8 24. Bd4 Bxd4 25. Rxd4 Rxb2 26. Bb3 Nh5 27. Ra4 Nf4+ 28. Rxf4 g5 29. Ra4 Kf6 30. Rxa5 h5 31. c4 h4 32. c5 h3+ 33. Kxh3 Rxf2 34. Kg3 Rd2 35. c6 Ke7 36. Rd5 1-0


[Site "https://www.chess.com"]

[Event "Titled Tuesday Blitz April 11 Early 2023"]
[White "Makhmudov, Shukhrat"]
[Black "Hartikainen, Jarmo"]
[WhiteFideId "14200775"]
[BlackFideId "503134"]
[WhiteElo "2135"]
[BlackElo "2062"]
[Result "1-0"]
[Round "04"]
[TimeControl "180+2"]
[Date "2023.04.11"]
[WhiteClock "0:00:28"]
[BlackClock "0:00:06"]

1. e4 c5 2. Nf3 Nc6 3. d4 cxd4 4. Nxd4 Nf6 5. Nc3 d6 6. Nxc6 bxc6 7. e5 dxe5 8. Qxd8+ Kxd8 9. Bc4 e6 10. Bg5 Be7 11. O-O-O+ Kc7 12. f3 a5 13. Na4 Ba6 14. Bxa6 Rxa6 15. Rhe1 Raa8 16. Rxe5 Nd7 17. Bxe7 Nxe5 18. Bd6+ Kb7 19. Bxe5 f6 20. Rd7+ Ka6 21. Bg3 Ra7 22. Rd6 e5 23. c4 Rc7 24. Nc5+ Ka7 25. Ne6 Rcc8 26. Rd7+ Kb8 27. Rxg7 h5 28. Bf2 h4 29. Nc5 h3 30. Na6+ Ka8 31. Ra7# 1-0


[Site "https://www.chess.com"]

[Event "Titled Tuesday Blitz April 11 Early 2023"]
[White "Cramling Bellon, Anna"]
[Black "Jiganchine, Roman"]
[WhiteFideId "32009232"]
[BlackFideId "2603667"]
[WhiteElo "1972"]
[BlackElo "2281"]
[Result "1-0"]
[Round "04"]
[TimeControl "180+2"]
[Date "2023.04.11"]
[WhiteClock "0:00:01"]
[BlackClock "0:00:10"]

1. d4 d5 2. c4 e6 3. Nc3 Nf6 4. cxd5 Nxd5 5. Bg5 Qxg5 6. Nf3 Qd8 7. e4 Nxc3 8. bxc3 c5 9. d5 exd5 10. exd5 Bd6 11. Bd3 Qe7+ 12. Kf1 O-O 13. h4 h6 14. Bc2 Bg4 15. Qd3 f5 16. Re1 Qf7 17. Re6 Bxf3 18. gxf3 Bf4 19. d6 Nc6 20. Rg1 Kh8 21. Reg6 Be5 22. Bb3 Qe8 23. d7 Qe7 24. Re6 Qxh4 25. Qe2 c4 26. Bc2 Rad8 27. Rxe5 Nxe5 28. Qxe5 Qh3+ 29. Ke1 Qxf3 30. Qxg7# 1-0


[Site "https://www.chess.com"]

[Event "Titled Tuesday Blitz April 11 Early 2023"]
[White "Zaichenko, Daria"]
[Black "Wimalasuriya, Kasun M."]
[WhiteFideId "4197453"]
[BlackFideId "9906789"]
[WhiteElo "2039"]
[BlackElo "2030"]
[Result "0-1"]
[Round "04"]
[TimeControl "180+2"]
[Date "2023.04.11"]
[WhiteClock "0:00:10"]
[BlackClock "0:01:33"]

1. e4 c5 2. Nf3 g6 3. d4 cxd4 4. Nxd4 Bg7 5. Nc3 Nc6 6. Be3 Nf6 7. Bc4 O-O 8. O-O d6 9. Kh1 Ng4 10. Nxc6 Nxe3 11. Qf3 bxc6 12. Qxe3 Qb6 13. Qxb6 axb6 14. Nd1 b5 15. Bb3 c5 16. c4 b4 17. Rb1 Bd4 18. Re1 e5 19. Ne3 f5 20. f3 fxe4 21. fxe4 Rf2 22. Nc2 Be6 23. Rf1 Rxf1+ 24. Rxf1 Bxb2 25. Rf6 Re8 26. Ba4 Re7 27. Ne3 Kg7 28. Rf3 Bd4 29. Nd5 Ra7 30. Bb3 Rf7 31. h4 Rxf3 32. gxf3 Kh6 33. Kg2 Kh5 34. Nf6+ Kh6 35. Ng4+ Kg7 36. Kg3 Bc3 37. Kf2 Kf7 38. Ke2 h5 39. Ne3 Bd4 40. Nd5 g5 41. hxg5 h4 42. Ne3 Kg6 43. Nf1 Kxg5 44. Nh2 Bh3 45. Ba4 Kf4 46. Bc6 Kg3 47. Nf1+ Bxf1+ 48. Kxf1 h3 0-1


[Site "https://www.chess.com"]

[Event "Titled Tuesday Blitz April 11 Early 2023"]
[White "Chincholimath, Halsagar"]
[Black "Zou, Brendan"]
[WhiteFideId "5022487"]
[BlackFideId "3221296"]
[WhiteElo "1737"]
[BlackElo "1852"]
[Result "1/2-1/2"]
[Round "04"]
[TimeControl "180+2"]
[Date "2023.04.11"]
[WhiteClock "0:00:04"]
[BlackClock "0:00:10"]

1. e4 c5 2. Nc3 e6 3. f4 Nc6 4. Nf3 a6 5. d3 b5 6. a3 Bb7 7. Be2 Nd4 8. Nxd4 cxd4 9. Nb1 Nf6 10. O-O Be7 11. e5 Nd5 12. f5 Bg5 13. Bf3 Be3+ 14. Kh1 Rb8 15. Nd2 Qc7 16. fxe6 dxe6 17. Bxd5 Bxd5 18. Qh5 O-O 19. Ne4 Bxe4 20. dxe4 Qxc2 21. Bxe3 dxe3 22. Rae1 Qxe4 23. Rf3 Qg6 24. Qh4 Rbc8 25. Rfxe3 Rc2 26. R3e2 Rxe2 27. Rxe2 Qb1+ 28. Qe1 Qxe1+ 29. Rxe1 Rd8 30. Rc1 f6 31. exf6 gxf6 32. Kg1 Kf7 33. Rc7+ Kg6 34. Rc6 e5 35. Rxa6 Rd2 36. b4 Rb2 37. Rb6 e4 38. Rxb5 e3 39. Kf1 e2+ 40. Ke1 f5 41. a4 Kg5 42. a5 Kf4 43. a6 Ra2 44. Rb6 Ke5 45. b5 f4 46. Rb7 Ke4 47. Re7+ Kd3 48. Rd7+ Ke3 49. Re7+ Kd3 50. Rd7+ Ke3 51. Re7+ Kd3 1/2-1/2


[Site "https://www.chess.com"]

[Event "Titled Tuesday Blitz April 11 Early 2023"]
[White "lluiss"]
[Black "Sanchez, Robert"]
[BlackFideId "2034360"]
[WhiteElo "2258"]
[BlackElo "2003"]
[Result "1-0"]
[Round "04"]
[TimeControl "180+2"]
[Date "2023.04.11"]
[WhiteClock "0:02:11"]
[BlackClock "0:02:22"]

1. c4 e6 2. Nf3 d5 3. b3 Nf6 4. Bb2 Be7 5. g3 O-O 6. Bg2 c6 7. O-O Nbd7 8. d3 b6 9. Nbd2 Bb7 10. Qc2 Rc8 11. e4 c5 12. h3 d4 13. e5 Ne8 14. Rae1 Nc7 15. h4 a6 16. Ne4 h6 17. Bc1 Kh8 18. Bf4 f6 19. exf6 Nxf6 20. Nxf6 Rxf6 21. Be5 Rxf3 22. Bxf3 Bxf3 23. Qd2 Bb7 24. Qxh6+ 1-0


[Site "https://www.chess.com"]

[Event "Titled Tuesday Blitz April 11 Early 2023"]
[White "Saiz Rodriguez, Daniel Evelio"]
[Black "NtcPou"]
[WhiteFideId "3523420"]
[WhiteElo "2208"]
[BlackElo "1973"]
[Result "1-0"]
[Round "04"]
[TimeControl "180+2"]
[Date "2023.04.11"]
[WhiteClock "0:00:22"]
[BlackClock "0:01:29"]

1. e4 c5 2. Nf3 e6 3. d4 cxd4 4. Nxd4 Nf6 5. Nc3 Nc6 6. Ndb5 Bb4 7. Nd6+ Ke7 8. Nxc8+ Rxc8 9. Bd3 d5 10. exd5 Nxd5 11. Bd2 Nxc3 12. bxc3 Bd6 13. O-O Be5 14. Rb1 Qd7 15. Qf3 Bf6 16. Rfd1 h6 17. Be3 Qc7 18. Bc5+ Ke8 19. Bb5 a6 20. Bd6 Qb6 21. Bxc6+ Qxc6 22. Qxc6+ Rxc6 23. Rxb7 Rxc3 24. Rb8+ Bd8 25. Be5 Rc5 26. Rbxd8+ Ke7 27. R1d7# 1-0


[Site "https://www.chess.com"]

[Event "Titled Tuesday Blitz April 11 Early 2023"]
[White "Lohani, Sujana"]
[Black "Palacio,Igor Da Paz"]
[WhiteFideId "12311987"]
[BlackFideId "2121140"]
[WhiteElo "1718"]
[BlackElo "2126"]
[Result "0-1"]
[Round "04"]
[TimeControl "180+2"]
[Date "2023.04.11"]
[WhiteClock "0:00:02"]
[BlackClock "0:01:25"]

1. d4 Nf6 2. Nf3 g6 3. c4 Bg7 4. g3 d6 5. Bg2 O-O 6. O-O Nbd7 7. Nc3 e5 8. d5 a5 9. e4 Nc5 10. Qe2 a4 11. h3 h6 12. Nd2 Kh7 13. Kh2 Nfd7 14. f4 exf4 15. gxf4 Re8 16. Nf3 f5 17. e5 dxe5 18. fxe5 Nxe5 19. Kh1 Nxf3 20. Qxf3 Qh4 21. Be3 Qxc4 22. Bxc5 Qxc5 23. Rac1 Qb4 24. Qf2 Bd7 25. a3 Qd6 26. Rc2 Re7 27. Ne2 Bb5 28. Nf4 Bxf1 29. Bxf1 Be5 30. Ne6 Qxd5+ 0-1


[Site "https://www.chess.com"]

[Event "Titled Tuesday Blitz April 11 Early 2023"]
[White "Vargas, Mauricio"]
[Black "Albuquerque Junior,Wellington S."]
[WhiteFideId "4404572"]
[BlackFideId "2151480"]
[WhiteElo "1998"]
[BlackElo "2109"]
[Result "0-1"]
[Round "04"]
[TimeControl "180+2"]
[Date "2023.04.11"]
[WhiteClock "0:00:03"]
[BlackClock "0:00:13"]

1. e4 c5 2. g3 Nc6 3. c3 d5 4. Bg2 dxe4 5. Bxe4 Nf6 6. Bg2 Bg4 7. f3 Bf5 8. Ne2 e5 9. O-O Be7 10. f4 e4 11. Na3 O-O 12. Nc4 Qd5 13. Ne3 Qd7 14. Qe1 Rad8 15. Kh1 Rfe8 16. Ng1 h5 17. a3 b5 18. b4 c4 19. a4 a6 20. axb5 axb5 21. Ra6 Bh7 22. Bh3 Qb7 23. Ra1 Bf8 24. Bg2 Ng4 25. Nh3 Nxe3 26. Qxe3 Bf5 27. Ng5 f6 28. Nh3 Qd7 29. Nf2 Ne7 30. h3 Nd5 31. Qe2 Bg6 32. Kg1 Bd6 33. Ra6 Bb8 34. g4 hxg4 35. hxg4 Bf7 36. f5 e3 37. dxe3 Nxc3 38. Qb2 Nd5 39. e4 c3 40. Qa1 Nxb4 0-1


[Site "https://www.chess.com"]

[Event "Titled Tuesday Blitz April 11 Early 2023"]
[White "Oparin, Grigoriy"]
[Black "Duda, Jan-Krzysztof"]
[WhiteFideId "24125890"]
[BlackFideId "1170546"]
[WhiteElo "2647"]
[BlackElo "2790"]
[Result "0-1"]
[Round "05"]
[TimeControl "180+2"]
[Date "2023.04.11"]
[WhiteClock "0:00:12"]
[BlackClock "0:01:04"]

1. Nf3 Nf6 2. g3 d5 3. Bg2 c5 4. c4 d4 5. b4 cxb4 6. a3 bxa3 7. O-O Nc6 8. d3 e5 9. Qa4 Bd7 10. Bxa3 Bxa3 11. Qxa3 Qe7 12. Nbd2 Qxa3 13. Rxa3 Ke7 14. Rb1 b6 15. e3 dxe3 16. fxe3 Rhd8 17. d4 exd4 18. exd4 Rac8 19. d5 Na5 20. Ne5 Kf8 21. Rf1 Rc7 22. Ne4 Nxe4 23. Rxf7+ Kg8 24. Bxe4 Nxc4 25. d6 Nxd6 26. Re7 Nxe4 0-1


[Site "https://www.chess.com"]

[Event "Titled Tuesday Blitz April 11 Early 2023"]
[White "Kramnik, Vladimir"]
[Black "Le, Tuan Minh"]
[WhiteFideId "4101588"]
[BlackFideId "12401153"]
[WhiteElo "2712"]
[BlackElo "2566"]
[Result "0-1"]
[Round "05"]
[TimeControl "180+2"]
[Date "2023.04.11"]
[WhiteClock "0:00:04"]
[BlackClock "0:00:07"]

1. e4 c5 2. Nf3 Nf6 3. e5 Nd5 4. g3 e6 5. Bg2 d6 6. O-O Nc6 7. exd6 Bxd6 8. d4 O-O 9. c4 Nf6 10. Nc3 a6 11. dxc5 Bxc5 12. Qxd8 Rxd8 13. Bf4 Bd7 14. Rfd1 Be8 15. a3 a5 16. h3 h6 17. g4 Kf8 18. Na4 Ba7 19. Bc7 Rxd1+ 20. Rxd1 Rc8 21. Bb6 Ne5 22. Nxe5 Bxa4 23. Bxa7 Bxd1 24. b4 axb4 25. axb4 Be2 26. Bxb7 Rc7 27. Bc5+ Kg8 28. Ba6 Ne4 29. Bb6 Re7 30. b5 f6 31. Nc6 Rd7 32. Nd4 Bxc4 33. Bc8 Re7 34. Ba5 Ra7 35. Bb4 Ra1+ 36. Kh2 Rb1 37. Ba5 Kf7 38. b6 Bd5 39. f3 Nd6 40. b7 Nxb7 41. Bd7 Nxa5 0-1


[Site "https://www.chess.com"]

[Event "Titled Tuesday Blitz April 11 Early 2023"]
[White "Bortnyk, Olexandr"]
[Black "Nguyen, Ngoc Truong Son"]
[WhiteFideId "14120828"]
[BlackFideId "12401110"]
[WhiteElo "2734"]
[BlackElo "2556"]
[Result "1-0"]
[Round "05"]
[TimeControl "180+2"]
[Date "2023.04.11"]
[WhiteClock "0:00:14"]
[BlackClock "0:00:06"]

1. d4 d5 2. Nc3 c6 3. Bf4 Bf5 4. e3 e6 5. Nf3 Nd7 6. Bd3 Bg6 7. h4 Ngf6 8. Ne5 Nxe5 9. Bxe5 Be7 10. h5 Bxd3 11. cxd3 O-O 12. h6 g6 13. a3 Nd7 14. Bg7 Re8 15. Qg4 Bf6 16. Bxf6 Qxf6 17. f4 c5 18. Nb5 cxd4 19. Nxd4 e5 20. Nf3 Nc5 21. O-O-O exf4 22. Qxf4 Qxf4 23. exf4 Nb3+ 24. Kc2 Nc5 25. Rhe1 Ne6 26. g3 f6 27. Kd2 Kf7 28. Rc1 Rac8 29. b4 Red8 30. a4 Rxc1 31. Rxc1 Ke7 32. a5 a6 33. d4 Kd6 34. Kd3 Re8 35. Re1 Rc8 36. Nd2 Rc7 37. Rf1 Rc8 38. f5 gxf5 39. Rxf5 Rg8 40. Rxf6 Rxg3+ 41. Nf3 Ke7 42. Rf5 Rh3 43. Kd2 Kd6 44. Rf6 Rh5 45. Ne5 Rh4 46. Kc3 Rh3+ 47. Kc2 Rh2+ 48. Kb3 Rh3+ 49. Ka4 Rh4 50. Nf3 Rh3 51. Rxe6+ Kxe6 52. Ng5+ 1-0


[Site "https://www.chess.com"]

[Event "Titled Tuesday Blitz April 11 Early 2023"]
[White "Indjic, Aleksandar"]
[Black "Hakobyan, Aram"]
[WhiteFideId "911925"]
[BlackFideId "13306677"]
[WhiteElo "2614"]
[BlackElo "2584"]
[Result "0-1"]
[Round "05"]
[TimeControl "180+2"]
[Date "2023.04.11"]
[WhiteClock "0:01:49"]
[BlackClock "0:00:29"]

1. d4 Nf6 2. Nf3 e6 3. Bg5 h6 4. Bh4 d5 5. Nbd2 Be7 6. c3 Nbd7 7. e3 b6 8. Bd3 Bb7 9. Qb1 c5 10. a4 a6 11. Bg3 O-O 12. h3 c4 13. Bc2 b5 14. e4 dxe4 15. Nxe4 Nxe4 16. Bxe4 Bxe4 17. Qxe4 Nf6 18. Qc2 Nd5 19. O-O Bd6 20. Bxd6 Qxd6 21. Ne5 Rfc8 22. Qe2 b4 23. Rac1 bxc3 24. bxc3 Qa3 25. f4 Rab8 26. f5 exf5 27. Rxf5 Qxc1+ 28. Kh2 Rc7 29. Qf3 Nf6 30. h4 Rb1 31. Rxf6 gxf6 32. Qf5 Qg1+ 33. Kh3 fxe5 0-1


[Site "https://www.chess.com"]